 Dungeon Crawl Stone Soup version 0.23.0 (webtiles) character file.

Game seed: 1688966647721645009

300 PentaManta the Poker (level 6, -4/78 HPs)
             Began as a Merfolk Chaos Knight on Feb 17, 2019.
             Was a Plaything of Xom.
             Slain by a +0 dagger (9 damage)
             ... animated by Xom
             ... on level 3 of the Dungeon.
             The game lasted 00:12:55 (3098 turns).

PentaManta the Poker (Merfolk Chaos Knight)         Turns: 3098, Time: 00:12:55

Health: -4/78      AC: 23    Str: 15    XL:     6   Next: 36%
Magic:  6/6        EV:  2    Int: 11    God:    Xom [...*..]
Gold:   138        SH:  0    Dex: 13    Spells: 5/5 levels left

rFire    . . .     SeeInvis .   a - +1 spear (chaos)
rCold    . . .     Gourm    .   (no shield)
rNeg     + + +     Faith    .   (armour currently unavailable)
rPois    +         Spirit   .   (helmet currently unavailable)
rElec    .         Reflect  .   (cloak currently unavailable)
rCorr    .         Harm     .   (gloves currently unavailable)
MR       +....     NoTele   +   (boots currently unavailable)
Stlth    +.........             (no amulet)
HPRegen  0.23/turn              f - ring of protection from magic
MPRegen  0.10/turn              j - ring of positive energy

@: tree-form
A: (change form in water), (swift swim), (stealthy swim)
a: Renounce Religion


You were on level 3 of the Dungeon.
You worshipped Xom.
You were a favourite toy of Xom.
You were not hungry.
You were a tree.
You visited 1 branch of the dungeon, and saw 3 of its levels.

You collected 138 gold pieces.

Inventory:

Hand Weapons
 a - a +1 spear of chaos (weapon)
Missiles
 p - 3 tomahawks (quivered)
Armour
 b - a +2 leather armour (melded)
 g - a +0 helmet (melded)
 k - a scarf of resistance (melded)
Jewellery
 f - a ring of protection from magic (left branch)
 j - a ring of positive energy (right branch)
Scrolls
 o - a scroll of enchant weapon
Potions
 d - a potion of invisibility
 h - a potion of haste {unknown}
 i - a potion of ambrosia {unknown}
 l - a potion of might {unknown}
Comestibles
 c - 4 rations
 m - 3 chunks of flesh


   Skills:
 * Level 5.9 Fighting
 + Level 6.2 Polearms
 - Level 0.6 Armour
 + Level 4.8 Dodging


You had 5 spell levels left.
You didn't know any spells.
Your spell library was empty.

Dungeon Overview and Level Annotations

Branches:
Dungeon (3/15)

Altars:
Xom


Message History

You miss the +0 dagger. The +0 dagger hits you!!
Xom is highly amused!
You hit the +0 dagger but do no damage. The +0 dagger hits you!
* * * LOW HITPOINT WARNING * * *
The +0 dagger hits you.
* * * LOW HITPOINT WARNING * * *
The +0 dagger closely misses you.
You see here 19 sling bullets.
Really quaff the potion of lignification?
You turn into a tree.
Your scarf of resistance melds into your body.
Your +0 helmet melds into your body.
Your +2 leather armour melds into your body.
You feel hot and cold all over.
Your roots penetrate the ground.
The +0 dagger hits you.
* * * LOW HITPOINT WARNING * * *
You hit the +0 dagger.
The +0 dagger is lightly damaged.
The +0 dagger hits you!
You die...

### #....# ####### #.##.#
#.....# #.##.#
#.###.###.##.# ######
###.#..(♣....#.# #.....
#.....#[##.....# #.####
#.#.###(#......#####.####
#.....##...............
#..............#####.###.
#.#######......# #.# #.
#. #.#.#### #.###. .
##.#+# #..... ## ......##
#####.


You could see a +0 dagger.

Vanquished Creatures
  An ogre (D:2)
  2 jellies (D:2)
  Natasha (D:3)
  3 gnolls (D:2)
  4 adders
  3 orcs (D:3)
  13 bats
  A giant cockroach (D:2)
  4 goblins
  7 hobgoblins
  An iguana (D:2)
  5 jackals
  A ball python (D:2)
  4 frilled lizards
  5 kobolds
  8 rats
63 creatures vanquished.

Vanquished Creatures (collateral kills)
  2 orc wizards (D:3)
2 creatures vanquished.

Grand Total: 65 creatures vanquished

Notes
Turn   | Place    | Note
-------+----------+-------------------------------------------
     0 | D:1      | PentaManta the Merfolk Chaos Knight began the quest for the
                  | Orb.
     0 | D:1      | Reached XP level 1. HP: 18/18 MP: 1/1
    86 | D:1      | XOM: potion effect (brilliance)
   262 | D:1      | XOM: harmless Tmut miscast
   337 | D:1      | XOM: cloud trail
   338 | D:1      | Reached XP level 2. HP: 18/24 MP: 2/2
   771 | D:2      | XOM: harmless Chrm miscast
   785 | D:2      | Reached XP level 3. HP: 27/30 MP: 3/3
   804 | D:2      | Reached skill level 5 in Polearms
  1048 | D:2      | XOM: silly message
  1056 | D:2      | Found a shimmering altar of Xom.
  1095 | D:3      | XOM: harmless Fire miscast
  1112 | D:3      | XOM: silly message
  1267 | D:2      | Reached XP level 4. HP: 20/38 MP: 4/4
  1476 | D:2      | XOM: harmless Chrm miscast
  1505 | D:2      | XOM: potion effect (invisibility)
  1638 | D:2      | Noticed an ogre
  1638 | D:2      | XOM: cast spell 'Summon Small Mammal'
  1796 | D:2      | Reached XP level 5. HP: 43/43 MP: 5/5
  1860 | D:2      | Reached skill level 5 in Fighting
  2024 | D:2      | XOM is BORED!
  2024 | D:2      | XOM: medium Pois miscast
  2213 | D:2      | XOM: silly message
  2215 | D:2      | XOM: summons friendly white imp
  2219 | D:2      | Killed an ogre
  2554 | D:3      | Noticed Natasha
  2568 | D:3      | Killed Natasha
  2568 | D:3      | Reached skill level 6 in Polearms
  2568 | D:3      | Reached XP level 6. HP: 43/51 MP: 6/6
  2942 | D:3      | XOM: 1-stop teleportation journey
  3083 | D:3      | XOM: noise
  3098 | D:3      | Slain by a +0 dagger

Skill      XL: |  1  2  3  4  5 |
---------------+----------------+-----
Dodging        | 3 4 |  4.8
Fighting       | 4 5 |  5.9
Polearms       | 5 6 |  6.2
Armour         | |  0.6

Action                   |  1- 3 |  4- 6 || total
-------------------------+-------+-------++-------
Melee: Spear             |    75 |   141 ||   216
Throw: Throwing net      |       |     1 ||     1
       Tomahawk          |       |     2 ||     2
  Use: Scroll            |     1 |     7 ||     8
       Potion            |       |     1 ||     1
 Stab: Confused          |     1 |     1 ||     2
       Distracted        |       |     1 ||     1
  Eat: Chunk             |       |     7 ||     7
Armor: Leather armour    |    17 |    27 ||    44
Dodge: Dodged            |    58 |    95 ||   153
